 Dungeon Crawl Stone Soup version 0.28-a0-687-gb91baff9cc (webtiles) character file.

Game seed: 9842353280171265487

539 Irenicus the Geomancer (level 7, -2/55 HPs)
             Began as a Deep Dwarf Earth Elementalist on Oct 19, 2021.
             Slain by Maggie (18 damage)
             ... on level 6 of the Dungeon.
             The game lasted 00:16:52 (2163 turns).

Irenicus the Geomancer (DDEE)                       Turns: 2163, Time: 00:16:54

Health: -2/55      AC:  4    Str: 12    XL:     7   Next: 5%
Magic:  2/11       EV: 12    Int: 17    God:
Gold:   165        SH:  0    Dex: 13    Spells: 6/12 levels left

rFire   . . .      SeeInvis .   i - +1 dagger (freeze)
rCold   . . .      Faith    .   (no shield)
rNeg    . . .      Spirit   .   f - +0 leather armour
rPois   .          Reflect  .   l - +0 helmet
rElec   .          Harm     .   (no cloak)
rCorr   +          Rampage  .   (no gloves)
Will    +....                   (no boots)
Stlth   ++........              g - amulet of magic regeneration
HPRegen 0.00/turn               R - ring of resist corrosion
MPRegen 0.37/turn               (no ring)

@: no status effects
A: damage resistance, heal wounds, sense surroundings 1, no regeneration
a: Heal Wounds


You were on level 6 of the Dungeon.
You visited 2 branches of the dungeon, and saw 7 of its levels.

You collected 181 gold pieces.
You spent 16 gold pieces at shops.


Innate Abilities, Weirdness & Mutations

You are resistant to damage.
You can heal yourself by infusing magical energy.
You passively map a small area around you.
You do not regenerate.


   Skills:
 - Level 2.1 Dodging
 - Level 2.4 Stealth
 - Level 3.0 Spellcasting
 - Level 2.1 Conjurations
 - Level 0.8 Transmutations
 + Level 9.2 Earth Magic


You had 6 spell levels left.
You knew the following spells:

 Your Spells              Type           Power      Damage    Failure   Level
t - Stone Arrow           Conj/Erth      42%        3d9       6%          3
w - Passwall              Tmut/Erth      15%        N/A       4%          2
z - Sandblast             Erth           66%        2d15      1%          1

Your spell library contained the following spells:

 Spells                   Type           Power      Damage    Failure   Level
 Petrify                  Tmut/Erth      19%        N/A       28%         4
 Dazzling Flash           Conj/Hex       12%        N/A       41%         3
 Agony                    Necr           2%         N/A       99%         5
 Silence                  Hex/Air        1%         N/A       99%         5
 Summon Forest            Summ/Tloc      1%         N/A       99%         5
 Summon Mana Viper        Hex/Summ       2%         N/A       99%         5
 Summon Cactus Giant      Summ           1%         N/A       100%        6

Inventory:

Hand Weapons
 i - a +1 dagger of freezing (weapon)
Missiles
 c - 126 stones
Armour
 f - a +0 leather armour (worn)
 l - a +0 helmet (worn)
Jewellery
 g - an amulet of magic regeneration (around neck)
 R - a ring of resist corrosion (left hand)
Wands
 e - a wand of iceblast (6)
Scrolls
 d - a scroll of brand weapon {unknown}
 o - a scroll of blinking {unknown}
 p - a scroll of teleportation {unknown}
Potions
 a - 2 potions of flight {unknown}
 b - a potion of haste {@q3}
 h - 2 potions of might {unknown}
 j - 2 potions of berserk rage {unknown}
 k - 3 potions of curing {unknown}
 m - 2 potions of heal wounds {unknown}
 n - a potion of invisibility {unknown}

Dungeon Overview and Level Annotations

Branches:
Dungeon (6/15)             Temple (1/1) D:6

Altars:
Ashenzari
Fedhas
Hepliaklqana
Kikubaaqudgha
Nemelex Xobeh
Okawaru
Qazlal
Ru
Sif Muna
Trog
Uskayaw
Vehumet
Wu Jian
Yredelemnul
Zin

Shops:
D:1 *(   D:5 (

Annotations:
D:5 exclusion: statue
D:6 Maggie

* *,,*,,**,,*#.#.................
* *,,*,,**,,*#.##.##⌠.⌠.##.....##
* *,,,,,,,,,*#.......⚑..###.####
* *,,**,***,*####.##⌠.⌠## #.#
*,,,,,* *,* ##.##..## #.#
**,**,***,* #......# *#+#*
*,,,,,,,,* #..###.# **,,,**
*****,***** #..# #.#**,,,,,**
**,***,* **#@.#*#.#*,,,,,,,**
**,,,**,*****#.....##.#,,,,,,,,,*
,,,,,,,,,,,.......@...+,,,,,,,,,+
**,,,**,**####.#....#.#,,,,,,,,,*
**,***,* #.#.###J.#*,,,,,,,**
****,,* #..## *#.#**,,,,,** *,**
#,.* *.# **,,,** *,* **.** **,#
**+** *,* **,***,*** *,*


You could see Maggie and a jelly.


Message History

Aim: Maggie, wielding a +2 halberd of draining and wearing +0 swamp dragon scales (75% to hit)
The stone arrow hits Maggie.
Maggie is lightly wounded.
A jelly comes into view.
Casting: Stone Arrow (dangerous; 6% risk of failure)
Confirm with . or Enter, or press ? or * to list all spells.
Aiming: Stone Arrow (dangerous; 6% risk of failure)
Press: ? - help, Shift-Dir - straight line, f/p - Maggie
Aim: Maggie, wielding a +2 halberd of draining and wearing +0 swamp dragon scales (lightly wounded, 75% to hit)
The stone arrow hits Maggie!
Maggie is moderately wounded.
Casting: Stone Arrow (dangerous; 6% risk of failure)
Confirm with . or Enter, or press ? or * to list all spells.
Aiming: Stone Arrow (dangerous; 6% risk of failure)
Press: ? - help, Shift-Dir - straight line, f/p - Maggie
Aim: Maggie, wielding a +2 halberd of draining and wearing +0 swamp dragon scales (moderately wounded, 75% to hit)
The stone arrow hits Maggie!!
Maggie is heavily wounded.
Maggie casts a spell at you. The bolt of fire hits you!!
* * * LOW HITPOINT WARNING * * *
Casting: Stone Arrow (dangerous; 6% risk of failure)
Confirm with . or Enter, or press ? or * to list all spells.
Aiming: Sandblast (safe; 1% risk of failure)
Press: ? - help, Shift-Dir - straight line, f/p - Maggie
Aim: Maggie, wielding a +2 halberd of draining and wearing +0 swamp dragon scales (heavily wounded, 84% to hit)
The blast of sand hits Maggie but does no damage.
Maggie is heavily wounded.
Maggie hits you from afar with a +2 halberd of draining!!
You die...

Skill      XL: |  1  2  3  4  5  6 |
---------------+-------------------+-----
Earth Magic    | 5 6 7 9 |  9.2
Spellcasting   | 2 3 |  3.0
Conjurations   | 1 2 |  2.1
Dodging        | |  2.1
Stealth        | |  2.4
Transmutations | |  0.8

Action                   |  1- 3 |  4- 6 |  7- 9 || total
-------------------------+-------+-------+-------++-------
Melee: Unarmed           |    43 |       |       ||    43
       Short sword       |    23 |     5 |       ||    28
 Cast: Sandblast         |    66 |    32 |     1 ||    99
       Passwall          |    11 |    11 |    11 ||    33
       Stone Arrow       |       |    14 |     6 ||    20
  Use: Scroll            |       |     5 |     1 ||     6
 Stab: Sleeping          |     3 |     5 |       ||     8
Armor: Robe              |    31 |       |       ||    31
       Leather armour    |     7 |     3 |       ||    10
Dodge: Dodged            |    61 |    15 |       ||    76

Levels and vault maps discovered:
D:1:      wheals_arrival_linesprint, layout_basic, serial_shops,
          nicolae_shop_waterfront, nicolae_shop_behind_doors,
          dreamdust_ecumenical_altar_drowned_temple, serial_park_tiny_2
D:2:      layout_loops_cross, uniq_robin
D:3:      layout_loops_corners, lemuel_crystal_altar, serial_shops,
          shop_fountains, shop_fountains, shop, shop,
          nicolae_shop_window_shopping, grunt_ministairs_7, minivault_5
D:4:      layout_basic, hex_tiny
D:5:      layout_basic, nicolae_overflow_hidden_temple, vehumet_statue,
          serial_shops, kennysheep_mini, uniq_duvessa
D:6:      layout_loops_corners, nemelex_xobeh_ov_fountains_minmay,
          mainiacjoe_overflow_small_starburst, minmay_temple_entry_junction,
          uniq_maggie, uniq_menkaure, uniq_edmund
Temple:   jpeg_temple_clearing

Notes
Turn   | Place    | Note
-------+----------+-------------------------------------------
     0 | D:1      | Irenicus the Deep Dwarf Earth Elementalist began the quest
                  | for the Orb.
     0 | D:1      | Reached XP level 1. HP: 15/15 MP: 3/3
    34 | D:1      | Found Ruhuunt's General Store.
   121 | D:1      | Reached XP level 2. HP: 22/22 MP: 0/4
   180 | D:1      | Reached skill level 5 in Earth Magic
   206 | D:1      | Learned a level 2 spell: Passwall
   353 | D:1      | Found Emaaruy's Antique Weapon Shoppe.
   400 | D:1      | Found a faded altar of an unknown god.
   652 | D:1      | Bought 15 stones for 16 gold pieces
   760 | D:2      | Reached XP level 3. HP: 26/28 MP: 0/5
   852 | D:2      | Noticed Robin
   853 | D:2      | Reached skill level 2 in Spellcasting
   865 | D:2      | Killed Robin
  1041 | D:2      | Reached skill level 6 in Earth Magic
  1058 | D:2      | Reached XP level 4. HP: 34/36 MP: 7/7
  1142 | D:2      | Learned a level 3 spell: Stone Arrow
  1372 | D:3      | You fall into a shaft and drop 1 floor!
  1380 | D:4      | Noticed a phantom
  1396 | D:4      | Killed a phantom
  1397 | D:4      | Reached skill level 1 in Conjurations
  1397 | D:4      | Reached XP level 5. HP: 40/42 MP: 2/9
  1446 | D:5      | Entered Level 5 of the Dungeon
  1446 | D:5      | Found an ornate altar of the Wu Jian Council.
  1475 | D:5      | Reached skill level 3 in Spellcasting
  1605 | D:5      | Reached skill level 2 in Conjurations
  1605 | D:5      | Reached skill level 7 in Earth Magic
  1640 | D:5      | Noticed Duvessa
  1642 | D:5      | Noticed Dowan
  1643 | D:5      | Killed Duvessa
  1644 | D:5      | Reached XP level 6. HP: 35/49 MP: 5/10
  1646 | D:5      | Killed Dowan
  1647 | D:5      | Reached skill level 8 in Earth Magic
  1674 | D:5      | Found Ecein's Antique Weapon Shoppe.
  1731 | D:5      | Found a radiant altar of Vehumet.
  1807 | D:5      | Reached skill level 9 in Earth Magic
  1807 | D:5      | Reached XP level 7. HP: 37/55 MP: 1/11
  1969 | D:6      | Found a basalt altar of Yredelemnul.
  2013 | D:6      | Found a staircase to the Ecumenical Temple.
  2022 | Temple   | Entered the Ecumenical Temple
  2140 | D:6      | Found a sparkling altar of Nemelex Xobeh.
  2159 | D:6      | Noticed Maggie
  2163 | D:6      | Slain by Maggie

Vanquished Creatures
  Duvessa (D:5)
  A phantom (D:4)
  A water moccasin zombie (D:5)
  Dowan (D:5)
  A bullfrog zombie (D:5)
  3 hounds (D:5)
  An iguana (D:4)
  Robin (D:2)
  2 ufetubi
  A worm (D:5)
  A dart slug (D:5)
  3 orcs (D:5)
  6 bats
  3 endoplasms
  5 giant cockroaches
  17 goblins
  10 hobgoblins
  10 kobolds
  4 ball pythons
  4 frilled lizards
  4 rats
  A spectral hobgoblin (D:1)
81 creatures vanquished.

Table legend: (Time is in decaauts)
 A = Elapsed time spent in this place.
 B = Non-inter-level travel time spent in this place.
 C = Inter-level travel time spent in this place.
 D = Time resting spent in this place.
 E = Time spent auto-exploring this place.
 F = Levels seen in this place.
 G = Mean time per level.
                   A        B        C        D        E       F      G
               +--------+--------+--------+--------+--------+-----+--------+
         Total |   2171 |   2171 |      0 |      0 |      0 |   7 |  310.1 |
       Dungeon |   2084 |   2084 |      0 |      0 |      0 |   6 |  347.3 |
        Temple |     86 |     86 |      0 |      0 |      0 |   1 |   86.0 |
               +--------+--------+--------+--------+--------+-----+--------+

Top non-repeatable levels by time:
     D:1: 743 daAuts
     D:2: 524 daAuts
     D:5: 516 daAuts
     D:3: 113 daAuts
     D:6: 113 daAuts
  Temple: 86 daAuts
     D:4: 73 daAuts

Table legend:
 A = Non-vault XP
 B = Vault XP
 C = Vault XP percentage of total XP
 D = Non-vault monster count
 E = Vault monster count
 F = Vault count percentage of total count
                 A         B        C        D         E       F
            +---------+---------+-------+---------+---------+-------
      Total |     513 |     257 |  33.4 |      64 |      17 |  21.0
            +---------+---------+-------+---------+---------+-------
        D:1 |      36 |       1 |   2.7 |      23 |       1 |   4.2
        D:2 |      34 |      40 |  54.1 |      21 |      14 |  40.0
        D:4 |     156 |       0 |   0.0 |       8 |       0 |   0.0
        D:5 |     279 |     216 |  43.6 |      11 |       2 |  15.4
        D:6 |       8 |       0 |   0.0 |       1 |       0 |   0.0
            +---------+---------+-------+---------+---------+-------
